Map: Data-C

Players

MaNa - Winner!

  • Race: Protoss Protoss
  • Spawn Location: 9:00

Spirit

  • Race: Terran Terran
  • Spawn Location: 3:00

Event: DreamHack SC2 Masters 2022 Atlanta (Offline)

VOD

Have the link to the VOD?

Description

Time

  • Played on: Nov. 18, 2022, 1:04 p.m.
  • Length: 12:46

All games in this series

Show
View Real Time Build Order
Export as new Build Order

MaNa Protoss - Winner!

Build Orders: 1 Gate Expand, Phoenix Opening, Colossus Rush 

Get SALT Encoding   

  12  0:00  Probe  
  13  0:12  Probe  
  14  0:17  Pylon  
  14  0:24  Probe (Chrono Boost)  
  15  0:36  Gateway, Probe (Chrono Boost)  
  16  0:44  Probe (Chrono Boost)  
  16  0:47  Assimilator  
  17  0:51  Probe  
  18  1:03  Probe (Chrono Boost)  
  20  1:12  Probe (Chrono Boost)  
  20  1:25  Cybernetics Core  
  20  1:31  Nexus  
  20  1:35  Probe  
  21  1:41  Pylon  
  21  1:47  Probe  
  21  1:49  Assimilator  
  22  1:59  Probe  
  22  2:00  Adept (Chrono Boost)  
  25  2:11  Probe  
  25  2:14  Stargate  
  26  2:23  Probe, Stalker  
  29  2:33  Warp Gate  
  29  2:35  Probe  
  30  2:43  Probe (Chrono Boost)  
  32  2:53  Probe (Chrono Boost)  
  32  2:55  Probe (Chrono Boost)  
  33  2:59  Phoenix (Chrono Boost)  
  33  3:00  Probe (Chrono Boost)  
  33  3:01  Probe (Chrono Boost)  
  37  3:06  Adept  
  37  3:09  Probe  
  37  3:11  Probe  
  41  3:17  Pylon  
  41  3:21  Probe  
  41  3:22  Phoenix (Chrono Boost)  
  41  3:24  Probe  
  45  3:30  Gateway  
  45  3:34  Probe  
  46  3:36  Probe  
  46  3:38  Pylon  
  47  3:46  Phoenix  
  49  3:53  Probe (Chrono Boost)  
  49  3:56  Probe (Chrono Boost)  
  49  3:58  Robotics Facility  
  50  4:04  Probe (Chrono Boost)  
  50  4:08  Probe (Chrono Boost)  
  50  4:09  Probe (Chrono Boost)  
  51  4:11  Phoenix  
  51  4:15  Pylon  
  55  4:17  Probe  
  55  4:19  Probe  
  56  4:29  Probe (Chrono Boost)  
  57  4:31  Nexus  
  57  4:32  Probe (Chrono Boost)  
  58  4:38  Assimilator  
  58  4:41  Assimilator  
  58  4:44  Probe (Chrono Boost)  
  60  4:47  Robotics Bay, Probe (Chrono Boost)  
  60  4:52  Observer  
  61  4:53  Probe (Chrono Boost)  
  61  4:54  Probe (Chrono Boost)  
  61  4:56  Pylon  
  63  5:02  Probe  
  63  5:05  Probe  
  65  5:11  Phoenix  
  67  5:15  Probe  
  67  5:17  Probe  
  67  5:27  Probe  
  68  5:29  Probe  
  68  5:33  Colossus (Chrono Boost)  
  73  5:37  Pylon  
  73  5:39  Probe (Chrono Boost)  
  77  5:43  Probe (Chrono Boost)  
  77  5:46  Probe (Chrono Boost)  
  77  5:47  Twilight Council  
  77  5:48  Pylon  
  79  5:50  Probe (Chrono Boost)  
  79  5:52  Probe (Chrono Boost)  
  79  5:53  Forge  
  79  5:54  Gateway  
  79  5:55  Probe x2 (Chrono Boost)  
  79  5:56  Gateway  
  79  5:57  Sentry, Probe (Chrono Boost)  
  84  6:01  Pylon  
  85  6:05  Probe  
  85  6:06  Probe  
  85  6:09  Probe  
  85  6:11  Colossus  
  88  6:17  Charge (Chrono Boost), Probe  
  95  6:21  Gateway  
  95  6:22  Gateway  
  95  6:28  Gateway x2  
  95  6:30  Shield Battery  
  95  6:37  Photon Cannon  
  95  6:38  Probe  
  94  6:44  Phoenix  
  94  6:45  Probe x2  
  98  6:51  Zealot x4  
  98  6:52  Pylon  
  98  6:53  Probe  
  107  7:01  Probe  
  107  7:03  Colossus (Chrono Boost)  
  114  7:11  Phoenix  
  114  7:12  Zealot x3  
  114  7:13  Zealot  
  124  7:22  Protoss Ground Weapons Level 1 (Chrono Boost)  
  124  7:28  Pylon  
  124  7:30  Pylon  
  124  7:36  Photon Cannon, Gateway  
  124  7:37  Pylon  
  124  7:41  Pylon  
  124  7:46  Phoenix, Extended Thermal Lance  
  124  7:47  Shield Battery  
  124  7:50  Warp Prism, Assimilator  
  128  7:52  Pylon  
  128  7:54  Nexus  
  122  8:07  Probe  
  122  8:10  Zealot x5  
  122  8:11  Zealot  
  135  8:14  Phoenix  
  135  8:15  Zealot  
  139  8:30  Zealot x3  
  139  8:31  Zealot x3  
  151  8:47  Zealot x3  
  135  8:57  Zealot x6  
  137  9:09  Zealot x3  
  117  9:25  Zealot x5  
  117  9:26  Probe  
  125  9:33  Probe  
  120  9:50  Zealot x4  
  120  9:51  Zealot, Probe  
  125  9:55  Probe  
  114  10:06  Colossus (Chrono Boost)  
  112  10:12  Stalker x5  
  128  10:16  Pylon  
  128  10:18  Pylon  
  128  10:20  Blink (Chrono Boost)  
  128  10:28  Photon Cannon x3  
  120  10:31  Protoss Ground Armor Level 1 (Chrono Boost)  
  120  10:37  Stalker x2  
  120  10:38  Stalker x3  
  130  10:46  Colossus (Chrono Boost)  
  136  10:53  Zealot x3  
  136  11:00  Stalker x2  
  136  11:01  Zealot x2, Stalker  
  145  11:09  Observer  
  138  11:17  Probe  
  133  11:22  Stalker x5  
  141  11:34  Stalker  
  141  11:44  Probe  
  142  12:00  Probe  
  143  12:02  Probe x2  
  145  12:13  Probe, Stalker x3  
  145  12:14  Zealot x3  
  156  12:35  Stalker x4  
  156  12:36  Zealot  
Show
View Real Time Build Order
Export as new Build Order

Spirit Terran 

Build Orders: Reaper Expand 

Get SALT Encoding   

  12  0:00  SCV  
  13  0:12  SCV  
  14  0:17  Supply Depot  
  14  0:24  SCV  
  15  0:38  SCV  
  15  0:39  Barracks  
  16  0:45  Refinery  
  16  0:50  SCV  
  17  1:02  SCV  
  18  1:14  SCV  
  19  1:27  Reaper, Orbital Command  
  20  1:41  Command Center  
  20  1:50  Bunker  
  20  1:53  SCV  
  21  1:58  Supply Depot  
  21  2:03  Marine  
  21  2:05  SCV  
  23  2:14  Factory  
  23  2:21  SCV  
  23  2:22  Refinery  
  24  2:24  Barracks Reactor  
  24  2:33  SCV  
  25  2:45  SCV  
  26  2:54  Orbital Command  
  28  2:58  Hellion  
  28  3:00  Starport  
  28  3:01  SCV  
  28  3:02  Marine x2  
  31  3:13  SCV  
  34  3:20  SCV, Widow Mine, Marine x2  
  34  3:25  SCV  
  38  3:32  SCV  
  39  3:36  Medivac  
  39  3:37  SCV  
  39  3:38  Marine x2  
  46  3:41  Widow Mine  
  46  3:46  SCV  
  46  3:52  SCV  
  45  3:56  Barracks  
  45  3:58  Engineering Bay, SCV  
  45  4:00  Supply Depot  
  46  4:03  Factory Tech Lab  
  46  4:07  Starport Tech Lab  
  46  4:21  Marine x2  
  46  4:22  Supply Depot, SCV x2  
  53  4:31  Supply Depot, Cyclone  
  50  4:34  SCV x2, Viking  
  50  4:38  Missile Turret  
  50  4:39  Marine x2  
  50  4:41  Missile Turret  
  52  4:46  SCV x2  
  52  4:48  Barracks  
  54  4:53  Terran Infantry Weapons Level 1  
  54  4:57  Marine  
  54  4:58  SCV x2  
  57  5:01  Supply Depot  
  55  5:10  SCV x2  
  57  5:14  Stimpack, Marine  
  56  5:22  SCV x2, Marine, Refinery  
  56  5:23  Refinery  
  56  5:27  Factory Reactor  
  58  5:30  Starport Reactor, Marine  
  58  5:32  Marauder  
  58  5:34  SCV x2  
  63  5:39  Supply Depot  
  63  5:46  SCV x2  
  65  5:51  Supply Depot, Combat Shield  
  65  5:52  Marine x3  
  65  5:54  Marauder  
  70  5:58  SCV x2  
  72  6:04  Command Center  
  72  6:06  Widow Mine x2  
  72  6:10  SCV  
  77  6:12  Medivac x2  
  77  6:14  Marauder  
  77  6:18  SCV  
  84  6:22  Marine  
  84  6:23  SCV  
  84  6:25  Supply Depot  
  86  6:27  Widow Mine  
  86  6:28  Marine  
  86  6:29  Supply Depot  
  86  6:30  Widow Mine  
  91  6:37  Marauder, Marine  
  94  6:44  SCV  
  94  6:46  Medivac, Marine  
  97  6:48  Supply Depot  
  97  6:51  Marine  
  97  6:53  Widow Mine x2  
  97  6:54  Supply Depot, Concussive Shells  
  98  6:55  Medivac, Marauder  
  98  7:00  SCV  
  98  7:01  SCV  
  100  7:04  Marauder, Marine  
  103  7:10  Terran Infantry Armor Level 1  
  103  7:12  SCV  
  103  7:15  Supply Depot  
  104  7:19  Supply Depot  
  104  7:24  Marauder, Marine x2  
  104  7:26  Marauder  
  110  7:33  Barracks  
  110  7:34  Orbital Command  
  110  7:35  Barracks  
  110  7:37  Medivac x2  
  110  7:38  SCV  
  110  7:41  Marine  
  110  7:42  Marine  
  117  7:45  Marauder  
  117  7:48  Marauder  
  117  7:49  SCV  
  122  7:54  SCV  
  123  7:59  Marine x2  
  123  8:01  SCV  
  125  8:07  Marauder, Orbital Command  
  125  8:09  Marauder  
  125  8:10  SCV  
  129  8:14  SCV  
  129  8:17  Marine x2  
  131  8:20  Ghost Academy, Medivac x2  
  131  8:22  SCV  
  131  8:26  SCV  
  137  8:28  Marauder  
  137  8:30  Barracks Reactor, Barracks Tech Lab, Marine  
  137  8:33  SCV  
  137  8:34  SCV  
  142  8:35  Marine  
  142  8:37  Refinery  
  142  8:38  SCV  
  142  8:40  Armory  
  139  8:45  SCV  
  139  8:46  SCV  
  135  8:48  Marauder  
  135  8:49  Marine  
  135  8:50  SCV, Marine x2  
  127  8:57  Marine  
  121  9:06  Marine  
  121  9:07  Marine  
  121  9:08  Marauder, Marine  
  121  9:09  Marine x2  
  131  9:12  Liberator x2  
  131  9:15  Marine  
  120  9:24  Marine x2  
  120  9:26  Marine  
  120  9:27  Marauder  
  120  9:28  Marauder  
  120  9:29  Marauder  
  114  9:33  Marine  
  102  9:42  Marine x2  
  102  9:44  Marine  
  81  9:48  Marauder, Marine  
  81  9:50  Marine  
  77  9:54  Marine  
  75  10:00  Marine, Orbital Command  
  75  10:03  Marine  
  75  10:06  Marine  
  76  10:07  Marauder  
  76  10:08  Marine  
  76  10:12  Marine  
  68  10:16  Widow Mine  
  69  10:27  Marine  
  72  10:30  Widow Mine, Marine  
  75  10:36  Marine  
  75  10:38  Medivac x2  
  78  10:44  Marauder, Marine  
  78  10:48  Marauder  
  82  10:54  Marine  
  82  10:55  Marauder  
  82  10:56  Marine  
  72  10:58  Marine  
  73  11:06  Marauder, Marine  
  73  11:08  Medivac  
  73  11:09  Medivac  
  73  11:10  Marauder  
  82  11:12  Marine  
  82  11:13  Marine  
  82  11:15  Marine  
  82  11:17  Marauder  
  74  11:24  Marine  
  66  11:27  Marauder  
  66  11:30  Marine x2  
  66  11:31  Marine  
  66  11:32  Widow Mine  
  73  11:35  Widow Mine  
  73  11:38  Medivac  
  73  11:39  Marauder, Marine  
  80  11:43  Marine  
  80  11:46  Medivac  
  81  11:49  Marauder, Marine  
  81  11:52  Marine  
  81  11:54  Widow Mine  
  84  11:55  Marine  
  83  12:02  Marauder, Marine  
  83  12:04  Marine  
  87  12:08  Marine  
  87  12:10  Marauder  
  87  12:13  Marauder  
  87  12:14  Marine  
  93  12:19  Marine  
  93  12:22  Marine  
  92  12:24  Marauder  
  92  12:26  Marine  
Tags
 
Add a new tag
Caveats
  • Supply blocks, unpowered buildings, or Contaminate may cause inaccurate times.
  • Supply counts are checked every 10 seconds.